 Dungeon Crawl Stone Soup version 0.25-a0-413-g3b4b6a4ccc (webtiles) character file.

Game seed: 10130321789406041247, levelgen mode: deterministic

77 Anathary the Sneak (level 4, 0/29 HPs)
             Began as an Octopode Assassin on Jan 16, 2020.
             Splashed by a jelly's acid (2 damage)
             ... on level 4 of the Dungeon on Jan 21, 2020.
             The game lasted 00:12:47 (1809 turns).

Anathary the Sneak (Octopode Assassin)              Turns: 1809, Time: 00:12:48

Health: 0/29       AC: -3    Str: 10    XL:     4   Next: 33%
Magic:  4/4        EV: 13    Int: 13    God:
Gold:   52         SH:  0    Dex: 14    Spells: 3/3 levels left

rFire    . . .     SeeInvis .   a - +2 dagger
rCold    . . .     Gourm    .   (no shield)
rNeg     . . .     Faith    .   (helmet restricted)
rPois    .         Spirit   .   (no amulet)
rElec    .         Reflect  .   (no ring)
rCorr    .         Harm     .   (no ring)
MR       .....                  (no ring)
Stlth    +++++.....             (no ring)
HPRegen  0.09/turn              (no ring)
MPRegen  0.09/turn              (no ring)
                                (no ring)
                                (no ring)

@: corroded, slowed, very slow
A: almost no armour, stealthy swim, amphibious, 8 rings, constrict 8, camouflage
1, gelatinous body 1
a: no special abilities


You were on level 4 of the Dungeon.
You were not hungry.

You visited 2 branches of the dungeon, and saw 5 of its levels.

You collected 52 gold pieces.

Inventory:

Hand Weapons
 a - a +2 dagger (weapon)
Missiles
 b - 48 poisoned darts (quivered)
 c - 2 curare-tipped darts
Scrolls
 e - a scroll of amnesia {unknown}
 f - 3 scrolls of identify {unknown}
 g - 2 scrolls of teleportation {unknown}
 i - a scroll of blinking {unknown}
Potions
 h - a potion of heal wounds
 j - a potion of ambrosia {unknown}
Comestibles
 d - a ration


   Skills:
 + Level 2.1 Fighting
 + Level 2.2 Short Blades
 - Level 2.0 Throwing
 + Level 1.1 Dodging
 * Level 7.5 Stealth


You had 3 spell levels left.
You didn't know any spells.
Your spell library was empty.

Dungeon Overview and Level Annotations

Branches:
Dungeon (5/15)             Temple (1/1) D:4

Altars:
Ashenzari
Cheibriados
Fedhas
Gozag
Hepliaklqana
Kikubaaqudgha
Nemelex Xobeh
Okawaru
Sif Muna
Trog
Uskayaw
Vehumet
Wu Jian
Yredelemnul


Innate Abilities, Weirdness & Mutations

You cannot wear most types of armour.
You are very stealthy in the water. (Stealth+)
You are amphibious.
You can wear up to eight rings at the same time.
You can use your tentacles to constrict eight enemies at once.
Your skin changes colour to match your surroundings (Stealth+).
Your rubbery body absorbs attacks. (AC +1, EV +1)


Message History

The orc wizard points at you and mumbles some strange words.
You resist with some effort.
You hit the orc wizard.
You squeeze the orc wizard, but do no damage.
The orc wizard is moderately wounded.
You constrict the orc wizard. The jelly barely misses you.
The orc wizard casts a spell at you.
You feel yourself slow down.
You barely miss the orc wizard.
The orc wizard is heavily wounded.
You constrict the orc wizard. The jelly hits you.
You are splashed with acid!
The orc wizard misses you.
You hit the jelly.
Your tentacles burn!
* * * LOW HITPOINT WARNING * * *
The jelly is moderately wounded.
You constrict the orc wizard. The jelly barely misses you.
The orc wizard hits you with a +0 dagger.
* * * LOW HITPOINT WARNING * * *
You hit the jelly. The acid corrodes you!
Your tentacles burn!
You die...

###..# #.# #.#
########..##. ##
#.........##. .#
##.#...###.##.# #.#
#......###.##.. ..#
.........#.##..#J.#
.........#.##.....#
...........##.#J#.##
#......##..#....@o.###
.......###...#...#...###
#####.##...#.......#...#
#. #.#.....>.....#.# #.
#...#.......#...# #.
###...#...#...##
##........### #.#.#.#..#
#.....!..#


You could see a jelly and an orc wizard.

Vanquished Creatures
  An orc wizard (Temple)
  A hound skeleton (D:4)
  A dart slug (D:1)
  A leopard gecko (D:1)
  An orc (Temple)
  2 bats (D:1)
  2 giant cockroaches (D:1)
  5 hobgoblins (D:1)
  8 jackals (D:1)
  2 kobolds (D:1)
  A ball python (Temple)
  A frilled lizard (D:1)
  3 rats (D:1)
29 creatures vanquished.

Notes
Turn   | Place    | Note
-------+----------+-------------------------------------------
     0 | D:1      | Anathary the Octopode Assassin began the quest for the Orb.
     0 | D:1      | Reached XP level 1. HP: 14/14 MP: 1/1
    52 | D:1      | Reached XP level 2. HP: 17/19 MP: 2/2
   109 | D:1      | Reached skill level 6 in Stealth
   393 | D:1      | Reached XP level 3. HP: 12/24 MP: 3/3
  1105 | D:2      | You fall into a shaft and drop 2 floors!
  1139 | D:5      | Entered Level 5 of the Dungeon
  1139 | D:5      | Noticed a sky beast
  1152 | D:4      | Found an opulent altar of Gozag.
  1215 | D:4      | Noticed a scorpion
  1258 | D:4      | Found a staircase to the Ecumenical Temple.
  1262 | D:4      | Reached skill level 7 in Stealth
  1274 | Temple   | Entered the Ecumenical Temple
  1297 | Temple   | Reached XP level 4. HP: 8/29 MP: 4/4
  1809 | D:4      | Splashed by a jelly's acid

Levels and vault maps discovered:
D:1:      minmay_arrival_semitransparent, layout_basic
D:2:      layout_loops_ring, nicolae_qazlal_eye_of_the_storm, tso_altar,
          first_ration, minmay_heptomino_l4
D:4:      layout_loops_ring, lemuel_crystal_altar,
          minmay_temple_entry_sparse_star
D:5:      layout_loops_cross
Temple:   oiseaux_autumnal_temple

Skill      XL: |  1  2  3 |
---------------+----------+-----
Stealth        | 6 7 |  7.5
Fighting       | |  2.1
Short Blades   | |  2.2
Throwing       | |  2.0
Dodging        | |  1.1

Action                   |  1- 3 |  4- 6 || total
-------------------------+-------+-------++-------
Melee: Dagger            |    69 |     6 ||    75
       Constrict         |    16 |     1 ||    17
       Tentacles         |     9 |     1 ||    10
  Use: Potion            |     1 |       ||     1
 Stab: Sleeping          |     5 |       ||     5
  Eat: Ration            |     1 |       ||     1
Armor: Skin              |     8 |       ||     8
Dodge: Dodged            |    37 |     3 ||    40

Table legend:
 A = Non-vault XP
 B = Vault XP
 C = Vault XP percentage of total XP
 D = Non-vault monster count
 E = Vault monster count
 F = Vault count percentage of total count
                 A         B        C        D         E       F
            +---------+---------+-------+---------+---------+-------
      Total |     110 |       0 |   0.0 |      29 |       0 |   0.0
            +---------+---------+-------+---------+---------+-------
        D:1 |      49 |       0 |   0.0 |      25 |       0 |   0.0
        D:4 |      18 |       0 |   0.0 |       1 |       0 |   0.0
     Temple |      43 |       0 |   0.0 |       3 |       0 |   0.0
            +---------+---------+-------+---------+---------+-------
